Reno Silver Aces vs Adelaide Pink Elephants
Created - Thursday, February 15, 2024 at 06:41
Goals
|
| Reno Silver Aces |
0 |
1 |
0 |
1 |
| Adelaide Pink Elephants |
0 |
2 |
1 |
3 |
|
Shots
|
| Reno Silver Aces |
10 |
20 |
3 |
33 |
| Adelaide Pink Elephants |
2 |
10 |
8 |
20 |
|
1st period
No Goal
Penalties :
AJ Greer (APE) for Hooking (Minor) at 13:40
2nd period
1. Adelaide Pink Elephants , AJ Greer 2 (Jacob Bernard-Docker 5) at 3:42
2. Adelaide Pink Elephants , Axel Jonsson-Fjallby 4 (Fredrik Olofsson 14, Tristen Robins 5) at 14:53
3. Reno Silver Aces , Nicolas Deslauriers 2 (Michael Stone 3, Patrick Brown 6) at 16:29
Penalties :
AJ Greer (APE) for Holding (Minor) at 11:30
3rd period
4. Adelaide Pink Elephants , Matthew Phillips 9 (AJ Greer 11, Jacob Bernard-Docker 6) at 7:48
Penalties :
Caleb Jones (APE) for High sticking (Minor) at 9:14, Tristen Robins (APE) for Fighting (Major) at 11:34, Patrick Brown (RSA) for Fighting (Major) at 11:34, Adam Gaudette (APE) for Hooking (Minor) at 12:10, Zachary Jones (APE) for Hooking (Minor) at 18:09
Goalie Stats
Philipp Grubauer (RSA), 17 saves from 20 shots - (0.850), L, 4-4-0, 60:00 minutes
Dustin Wolf (APE), 32 saves from 33 shots - (0.970), W, 8-1-1, 60:00 minutes
Players Stats for Reno Silver Aces
Player Name G A P +/- PIM S H SB GA TA FO MP PP MP PK MP
------------------------------------------------------------------------------------
Alex Galchenyuk 0 0 0 -2 0 3 0 1 1 1 0/0 19:17 4:39 0:00
Drew O'Connor 0 0 0 1 0 2 2 0 1 0 0/0 13:11 0:00 0:00
Dylan Coghlan 0 0 0 -1 0 1 1 0 0 0 0/0 15:07 0:00 0:00
Jeremie Poirier 0 0 0 0 0 0 2 0 0 0 0/0 18:31 5:07 0:00
Jon Merrill 0 0 0 -1 0 1 2 0 0 0 0/0 21:03 0:00 0:00
Josh Archibald 0 0 0 0 0 2 1 1 0 0 0/0 14:46 0:00 0:00
Lars Eller 0 0 0 -2 0 2 1 0 0 0 10/17 15:04 0:17 0:00
Michael Stone 0 1 1 -1 0 2 2 0 0 0 0/0 20:26 4:39 0:00
Nicolas Deslauriers 1 0 1 1 0 1 0 0 0 0 1/1 13:18 0:17 0:00
Patrick Brown 0 1 1 1 5 3 0 2 0 1 7/8 12:16 0:00 0:00
Peter Abbandonato 0 0 0 -1 0 4 0 0 0 0 5/7 13:01 4:45 0:00
Robert Bortuzzo 0 0 0 -1 0 1 2 2 0 0 0/0 21:03 0:00 0:00
Samuel Poulin 0 0 0 -2 0 0 2 0 0 2 1/1 18:13 4:45 0:00
Trevor Lewis 0 0 0 0 0 3 0 0 2 1 5/12 19:23 4:44 0:00
Valtteri Puustinen 0 0 0 -1 0 1 4 1 0 0 0/1 14:26 5:01 0:00
Vinnie Hinostroza 0 0 0 0 0 6 0 0 1 0 1/1 19:22 4:44 0:00
William Dufour 0 0 0 -1 0 1 1 0 3 0 1/1 13:01 4:45 0:00
William Villeneuve 0 0 0 0 0 0 1 0 0 0 0/0 18:31 5:07 0:00
Players Stats for Adelaide Pink Elephants
Player Name G A P +/- PIM S H SB GA TA FO MP PP MP PK MP
------------------------------------------------------------------------------------
Adam Gaudette 0 0 0 0 2 0 3 0 0 0 6/14 20:28 0:00 4:03
AJ Greer 1 1 2 1 4 4 1 0 1 1 0/1 16:36 0:00 0:52
Alex Vlasic 0 0 0 0 0 0 0 0 0 0 0/0 7:22 0:00 0:00
Axel Jonsson-Fjallby 1 0 1 1 0 4 0 0 0 2 1/3 17:20 0:00 0:00
Benjamin Gleason 0 0 0 0 0 0 0 0 0 0 0/0 7:22 0:00 0:00
Cal Clutterbuck 0 0 0 0 0 3 0 0 0 2 0/4 23:10 0:00 4:15
Caleb Jones 0 0 0 0 2 0 3 4 0 0 0/0 18:50 0:00 4:01
Denis Gurianov 0 0 0 0 0 2 0 0 1 0 0/1 20:15 0:00 4:18
Fredrik Olofsson 0 1 1 1 0 0 0 0 1 0 0/0 15:05 0:00 0:13
Ilya Solovyov 0 0 0 0 0 0 0 0 0 0 0/0 0:53 0:00 0:00
Jacob Bernard-Docker 0 2 2 1 0 1 1 3 0 1 0/0 19:25 0:00 4:23
Matthew Phillips 1 0 1 1 0 1 1 1 0 0 4/11 20:27 0:00 4:59
Nick Cicek 0 0 0 0 0 0 0 1 0 0 0/0 20:10 0:00 5:23
Robin Salo 0 0 0 1 0 0 1 1 0 1 0/0 14:39 0:00 1:36
Ryan Suzuki 0 0 0 0 0 2 0 0 0 0 5/8 19:36 0:00 0:36
Tristen Robins 0 1 1 2 5 1 2 0 2 1 2/7 14:34 0:00 0:16
Ville Heinola 0 0 0 1 0 2 1 0 0 0 0/0 15:36 0:00 0:50
Zachary Jones 0 0 0 1 2 0 0 0 0 0 0/0 18:20 0:00 3:19
3 Stars
1 - Dustin Wolf (APE)
2 - Jacob Bernard-Docker (APE)
3 - Matthew Phillips (APE)
Power Play
Reno Silver Aces - 0 on 5 Attempt(s) - 0.00%
Adelaide Pink Elephants - 0 on 0 Attempt(s) - 0.00%
Penalty Kill
Reno Silver Aces - 0 on 0 Attempt(s) - 0.00%
- Score 0 goal in Penalty Kill
Adelaide Pink Elephants - 5 on 5 Attempt(s) - 100.00%
- Score 0 goal in Penalty Kill
Team Stat
Reno Silver Aces - Hits : 21 - Faceoff Wins : 31 - Blocked Shots : 7 - Penalty Minutes : 5
Adelaide Pink Elephants - Hits : 13 - Faceoff Wins : 18 - Blocked Shots : 10 - Penalty Minutes : 15
Official
Referees : Dean Morton and TJ Luxmore
Linesman : Andy McElman and Mark Wheler
Game Notes
3:42 of 2nd period - Adelaide Pink Elephants goal is going for a video replay. After video review, Goal.
Patrick Brown beats up Tristen Robins at 11:34 of 3rd period
Reno Silver Aces
5 vs 5 Forward
Center Left Wing Right Wing Time % Phy DF OF
1 Lars Eller Samuel Poulin Alex Galchenyuk 30 1 2 2
2 Trevor Lewis Vinnie Hinostroza Josh Archibald 30 1 2 2
3 Patrick Brown Drew O'Connor Nicolas Deslauriers 25 1 2 2
4 Peter Abbandonato Valtteri Puustinen William Dufour 15 1 2 2
5 vs 5 Defense
Defense Defense Time % Phy DF OF
1 Robert Bortuzzo Jon Merrill 30 1 2 2
2 Michael Stone Dylan Coghlan 30 1 2 2
3 Jeremie Poirier William Villeneuve 25 1 2 2
4 Robert Bortuzzo Jon Merrill 15 1 2 2
PowerPlay Forward
Center Left Wing Right Wing Time % Phy DF OF
1 Trevor Lewis Valtteri Puustinen Vinnie Hinostroza 50 1 2 2
2 Peter Abbandonato Samuel Poulin William Dufour 50 1 2 2
PowerPlay Defense
Defense Defense Time % Phy DF OF
1 Alex Galchenyuk Michael Stone 50 1 2 2
2 William Villeneuve Jeremie Poirier 50 1 2 2
Penalty Kill 4 Players Forward
Center Wing Time % Phy DF OF
1 Lars Eller Josh Archibald 50 1 2 2
2 Patrick Brown Drew O'Connor 50 1 2 2
Penalty Kill 4 Players Defense
Defense Defense Time % Phy DF OF
1 Robert Bortuzzo Jon Merrill 50 1 2 2
2 Michael Stone Dylan Coghlan 50 1 2 2
Penalty Kill - 3 Players Forward
Forward Time % Phy DF OF
1 Lars Eller 50 1 2 2
2 Patrick Brown 50 1 2 2
Penalty Kill - 3 Players Defense
Defense Defense Time % Phy DF OF
1 Robert Bortuzzo Jon Merrill 50 1 2 2
2 Michael Stone Dylan Coghlan 50 1 2 2
4 vs 4 Forward
Center Wing Time % Phy DF OF
1 Lars Eller Josh Archibald 50 1 2 2
2 Peter Abbandonato Nicolas Deslauriers 50 1 2 2
4 vs 4 Defense
Defense Defense Time % Phy DF OF
1 Robert Bortuzzo Jon Merrill 50 1 2 2
2 William Villeneuve Jeremie Poirier 50 1 2 2
Last Minutes Offensive
Center Left Wing Right Wing Defense Defense
Lars Eller Alex Galchenyuk Trevor Lewis Robert Bortuzzo Jon Merrill
Last Minutes Defensive
Center Left Wing Right Wing Defense Defense
Lars Eller Josh Archibald Patrick Brown Robert Bortuzzo Jon Merrill
Goaltenders
Starting : Philipp Grubauer
Backup : Mackenzie Blackwood
Extra Forwards
Normal : Valtteri Puustinen, Vinnie Hinostroza, Drew O'Connor - PP : Valtteri Puustinen, Vinnie Hinostroza - PK : Drew O'Connor
Extra Defensemen
Normal : Dylan Coghlan, William Villeneuve, Michael Stone - PP : Dylan Coghlan - PK : William Villeneuve, Michael Stone
Penalty Shots
Lars Eller, Trevor Lewis, Alex Galchenyuk, Nicolas Deslauriers, Josh Archibald
Adelaide Pink Elephants
5 vs 5 Forward
Center Left Wing Right Wing Time % Phy DF OF
1 Adam Gaudette Denis Gurianov Cal Clutterbuck 30 1 2 2
2 Matthew Phillips AJ Greer Ryan Suzuki 30 1 2 2
3 Tristen Robins Fredrik Olofsson Axel Jonsson-Fjallby 25 1 2 2
4 Ryan Suzuki Axel Jonsson-Fjallby Cal Clutterbuck 15 1 2 2
5 vs 5 Defense
Defense Defense Time % Phy DF OF
1 Caleb Jones Nick Cicek 30 1 2 2
2 Jacob Bernard-Docker Zachary Jones 30 1 2 2
3 Robin Salo Ville Heinola 25 1 2 2
4 Alex Vlasic Benjamin Gleason 15 1 2 2
PowerPlay Forward
Center Left Wing Right Wing Time % Phy DF OF
1 Adam Gaudette Denis Gurianov Cal Clutterbuck 50 1 2 2
2 Matthew Phillips AJ Greer Ryan Suzuki 50 1 2 2
PowerPlay Defense
Defense Defense Time % Phy DF OF
1 Caleb Jones Nick Cicek 50 1 2 2
2 Jacob Bernard-Docker Zachary Jones 50 1 2 2
Penalty Kill 4 Players Forward
Center Wing Time % Phy DF OF
1 Cal Clutterbuck Denis Gurianov 50 1 2 2
2 Adam Gaudette Matthew Phillips 50 1 2 2
Penalty Kill 4 Players Defense
Defense Defense Time % Phy DF OF
1 Caleb Jones Nick Cicek 50 1 2 2
2 Jacob Bernard-Docker Zachary Jones 50 1 2 2
Penalty Kill - 3 Players Forward
Forward Time % Phy DF OF
1 Cal Clutterbuck 50 1 2 2
2 Denis Gurianov 50 1 2 2
Penalty Kill - 3 Players Defense
Defense Defense Time % Phy DF OF
1 Caleb Jones Nick Cicek 50 1 2 2
2 Jacob Bernard-Docker Zachary Jones 50 1 2 2
4 vs 4 Forward
Center Wing Time % Phy DF OF
1 Cal Clutterbuck Denis Gurianov 50 1 2 2
2 Adam Gaudette Matthew Phillips 50 1 2 2
4 vs 4 Defense
Defense Defense Time % Phy DF OF
1 Caleb Jones Nick Cicek 50 1 2 2
2 Jacob Bernard-Docker Zachary Jones 50 1 2 2
Last Minutes Offensive
Center Left Wing Right Wing Defense Defense
Adam Gaudette Denis Gurianov Cal Clutterbuck Caleb Jones Nick Cicek
Last Minutes Defensive
Center Left Wing Right Wing Defense Defense
Adam Gaudette Denis Gurianov Cal Clutterbuck Caleb Jones Nick Cicek
Goaltenders
Starting : Dustin Wolf
Backup : Matthew Murray
Extra Forwards
Normal : Tristen Robins, Fredrik Olofsson, AJ Greer - PP : Tristen Robins, Fredrik Olofsson - PK : AJ Greer
Extra Defensemen
Normal : Ilya Solovyov, Robin Salo, Ville Heinola - PP : Ilya Solovyov - PK : Robin Salo, Ville Heinola
Penalty Shots
Cal Clutterbuck, Denis Gurianov, Adam Gaudette, Matthew Phillips, AJ Greer
% Time on Ice - Reno Silver Aces
Lines # - Real PCT - Wanted PCT - Time Play
Normal Forward
1 - 27% - 30% - 13:34
2 - 33% - 30% - 16:20
3 - 24% - 25% - 12:05
4 - 16% - 15% - 8:15
Normal Defense
1 - 31% - 30% - 15:23
2 - 31% - 30% - 15:40
3 - 26% - 25% - 12:51
4 - 13% - 15% - 6:20
PP Forward
1 - 51% - 50% - 5:01
2 - 49% - 50% - 4:45
PP Defense
1 - 48% - 50% - 4:39
2 - 52% - 50% - 5:07
PK Forward
1 - 0% - 50%
2 - 0% - 50%
PK Defense
1 - 0% - 50%
2 - 0% - 50%
PK3 Forward
1 - 0% - 50%
2 - 0% - 50%
PK3 Defense
1 - 0% - 50%
2 - 0% - 50%
44 Forward
1 - 0% - 50%
2 - 0% - 50%
44 Defense
1 - 0% - 50%
2 - 0% - 50%
Last Minute Offensive - 0:00
Last Minute Defensive - 0:00
Total
Forward - 60:00
Defense - 60:00
|
% Time on Ice - Adelaide Pink Elephants
Lines # - Real PCT - Wanted PCT - Time Play
Normal Forward
1 - 30% - 30% - 14:57
2 - 33% - 30% - 16:45
3 - 27% - 25% - 13:35
4 - 10% - 15% - 4:57
Normal Defense
1 - 29% - 30% - 14:47
2 - 30% - 30% - 15:02
3 - 26% - 25% - 13:03
4 - 15% - 15% - 7:22
PP Forward
1 - 0% - 50%
2 - 0% - 50%
PP Defense
1 - 0% - 50%
2 - 0% - 50%
PK Forward
1 - 46% - 50% - 4:31
2 - 54% - 50% - 5:15
PK Defense
1 - 55% - 50% - 5:23
2 - 45% - 50% - 4:23
PK3 Forward
1 - 0% - 50%
2 - 0% - 50%
PK3 Defense
1 - 0% - 50%
2 - 0% - 50%
44 Forward
1 - 0% - 50%
2 - 0% - 50%
44 Defense
1 - 0% - 50%
2 - 0% - 50%
Last Minute Offensive - 0:00
Last Minute Defensive - 0:00
Total
Forward - 60:00
Defense - 60:00
|
Play-by-Play
1st period
0:01 of 1st period - Adam Gaudette wins face-off versus Lars Eller in neutral zone.
0:05 of 1st period - Off-side.
0:06 of 1st period - Samuel Poulin wins face-off versus Adam Gaudette in neutral zone.
0:19 of 1st period - Wrist shot by Lars Eller.
0:19 of 1st period - Shot Misses the Net.
0:21 of 1st period - Wrist shot by Alex Galchenyuk.
0:21 of 1st period - Stopped by Dustin Wolf with a rebound.
0:43 of 1st period - Snap shot by Ryan Suzuki.
0:43 of 1st period - Shot Misses the Net.
1:07 of 1st period - Axel Jonsson-Fjallby is hit by Robert Bortuzzo and loses puck.
1:56 of 1st period - Benjamin Gleason is hit by Michael Stone and loses puck.
2:17 of 1st period - Slapshot by Adam Gaudette.
2:17 of 1st period - Shot Misses the Net.
2:19 of 1st period - Wrist shot by Denis Gurianov.
2:19 of 1st period - Shot Misses the Net.
3:06 of 1st period - Icing by Robin Salo.
3:07 of 1st period - Ryan Suzuki wins face-off versus Trevor Lewis in Adelaide Pink Elephants zone.
3:30 of 1st period - Fredrik Olofsson is hit by Jon Merrill and loses puck.
3:51 of 1st period - Slapshot by Alex Galchenyuk.
3:51 of 1st period - Stopped by Dustin Wolf with a rebound.
3:53 of 1st period - Slapshot by Dylan Coghlan.
3:53 of 1st period - Shot Misses the Net.
4:07 of 1st period - Wrist shot by William Dufour.
4:07 of 1st period - Stopped by Dustin Wolf without a rebound.
4:08 of 1st period - Peter Abbandonato wins face-off versus AJ Greer in Adelaide Pink Elephants zone.
4:11 of 1st period - Snap shot by Valtteri Puustinen.
4:11 of 1st period - Stopped by Dustin Wolf with a rebound.
4:54 of 1st period - Snap shot by Cal Clutterbuck.
4:54 of 1st period - Shot Blocked by Josh Archibald.
5:02 of 1st period - Snap shot by Trevor Lewis.
5:02 of 1st period - Stopped by Dustin Wolf with a rebound.
5:28 of 1st period - Snap shot by Vinnie Hinostroza.
5:28 of 1st period - Shot Misses the Net.
5:30 of 1st period - Slapshot by Jeremie Poirier.
5:30 of 1st period - Shot Misses the Net.
5:32 of 1st period - Snap shot by Vinnie Hinostroza.
5:32 of 1st period - Shot Misses the Net.
5:34 of 1st period - Snap shot by Josh Archibald.
5:34 of 1st period - Stopped by Dustin Wolf with a rebound.
5:36 of 1st period - Wrist shot by Josh Archibald.
5:36 of 1st period - Stopped by Dustin Wolf with a rebound.
5:38 of 1st period - Wrist shot by Josh Archibald.
5:38 of 1st period - Shot Blocked by Robin Salo.
5:40 of 1st period - Wrist shot by Vinnie Hinostroza.
5:40 of 1st period - Shot Misses the Net.
5:42 of 1st period - Slapshot by Josh Archibald.
5:42 of 1st period - Shot Misses the Net.
5:44 of 1st period - Snap shot by Trevor Lewis.
5:44 of 1st period - Stopped by Dustin Wolf with a rebound.
6:15 of 1st period - Adam Gaudette is hit by Jeremie Poirier and loses puck.
6:32 of 1st period - Snap shot by Vinnie Hinostroza.
6:32 of 1st period - Stopped by Dustin Wolf without a rebound.
6:33 of 1st period - Matthew Phillips wins face-off versus Lars Eller in Adelaide Pink Elephants zone.
6:38 of 1st period - Robert Bortuzzo is hit by Caleb Jones and loses puck.
6:45 of 1st period - Snap shot by Ryan Suzuki.
6:45 of 1st period - Shot Misses the Net.
6:47 of 1st period - Wrist shot by AJ Greer.
6:47 of 1st period - Stopped by Philipp Grubauer without a rebound.
6:48 of 1st period - Patrick Brown wins face-off versus Tristen Robins in Reno Silver Aces zone.
6:57 of 1st period - Snap shot by Fredrik Olofsson.
6:57 of 1st period - Shot Blocked by Patrick Brown.
7:19 of 1st period - Wrist shot by AJ Greer.
7:19 of 1st period - Stopped by Philipp Grubauer with a rebound.
8:17 of 1st period - Wrist shot by Lars Eller.
8:17 of 1st period - Stopped by Dustin Wolf with a rebound.
10:25 of 1st period - Tristen Robins is hit by Samuel Poulin and loses puck.
11:33 of 1st period - Icing by AJ Greer.
11:34 of 1st period - Peter Abbandonato wins face-off versus Axel Jonsson-Fjallby in Adelaide Pink Elephants zone.
12:25 of 1st period - Benjamin Gleason is hit by Josh Archibald and loses puck.
12:53 of 1st period - Cal Clutterbuck is hit by Samuel Poulin and loses puck.
12:58 of 1st period - Snap shot by Lars Eller.
12:58 of 1st period - Shot Misses the Net.
13:40 of 1st period - Minor Penalty to AJ Greer for Hooking.
13:41 of 1st period - Adam Gaudette wins face-off versus Valtteri Puustinen in Adelaide Pink Elephants zone.
15:40 of 1st period - Penalty to AJ Greer is over, AJ Greer is back on ice.
15:57 of 1st period - Wrist shot by Fredrik Olofsson.
15:57 of 1st period - Shot Misses the Net.
17:05 of 1st period - Peter Abbandonato is hit by Tristen Robins and loses puck.
Goals for this period are 0 for Reno Silver Aces vs 0 for Adelaide Pink Elephants.
Shots for this period are 10 for Reno Silver Aces vs 2 for Adelaide Pink Elephants.
2nd period
0:01 of 2nd period - Lars Eller wins face-off versus Ryan Suzuki in neutral zone.
0:08 of 2nd period - Backhand shot by Cal Clutterbuck.
0:08 of 2nd period - Stopped by Philipp Grubauer with a rebound.
0:10 of 2nd period - Wrist shot by Cal Clutterbuck.
0:10 of 2nd period - Shot Misses the Net.
0:12 of 2nd period - Slapshot by Jacob Bernard-Docker.
0:12 of 2nd period - Stopped by Philipp Grubauer with a rebound.
0:14 of 2nd period - Snap shot by Axel Jonsson-Fjallby.
0:14 of 2nd period - Shot Blocked by Robert Bortuzzo.
0:16 of 2nd period - Snap shot by Axel Jonsson-Fjallby.
0:16 of 2nd period - Shot Misses the Net.
0:27 of 2nd period - Icing by Trevor Lewis.
0:28 of 2nd period - Matthew Phillips wins face-off versus Trevor Lewis in Reno Silver Aces zone.
0:59 of 2nd period - Wrist shot by Vinnie Hinostroza.
0:59 of 2nd period - Shot Blocked by Caleb Jones.
1:01 of 2nd period - Snap shot by Vinnie Hinostroza.
1:01 of 2nd period - Stopped by Dustin Wolf with a rebound.
1:39 of 2nd period - Vinnie Hinostroza is hit by AJ Greer and loses puck.
1:46 of 2nd period - Snap shot by Vinnie Hinostroza.
1:46 of 2nd period - Stopped by Dustin Wolf with a rebound.
1:48 of 2nd period - Snap shot by Vinnie Hinostroza.
1:48 of 2nd period - Stopped by Dustin Wolf with a rebound.
1:50 of 2nd period - Wrist shot by Vinnie Hinostroza.
1:50 of 2nd period - Stopped by Dustin Wolf with a rebound.
1:52 of 2nd period - Slapshot by Robert Bortuzzo.
1:52 of 2nd period - Stopped by Dustin Wolf with a rebound.
2:09 of 2nd period - Off-side.
2:10 of 2nd period - Adam Gaudette wins face-off versus Lars Eller in neutral zone.
2:42 of 2nd period - Snap shot by Tristen Robins.
2:42 of 2nd period - Deflect By Michael Stone.
2:42 of 2nd period - Shot Blocked by Patrick Brown.
2:42 of 2nd period - Puck is out of play.
2:43 of 2nd period - Patrick Brown wins face-off versus Ryan Suzuki in Reno Silver Aces zone.
3:08 of 2nd period - Ryan Suzuki is hit by Valtteri Puustinen and loses puck.
3:15 of 2nd period - Slapshot by Cal Clutterbuck.
3:15 of 2nd period - Stopped by Philipp Grubauer with a rebound.
3:40 of 2nd period - Wrist shot by AJ Greer.
3:40 of 2nd period - Stopped by Philipp Grubauer with a rebound.
3:42 of 2nd period - Snap shot by AJ Greer.
3:42 of 2nd period - Adelaide Pink Elephants goal is going for a video replay.
3:42 of 2nd period - The goal is good.
3:42 of 2nd period - Goal by AJ Greer - Reno Silver Aces : 0 - Adelaide Pink Elephants : 1.
3:43 of 2nd period - Lars Eller wins face-off versus Matthew Phillips in neutral zone.
4:09 of 2nd period - Snap shot by Drew O'Connor.
4:09 of 2nd period - Stopped by Dustin Wolf without a rebound.
4:10 of 2nd period - Patrick Brown wins face-off versus Axel Jonsson-Fjallby in Adelaide Pink Elephants zone.
4:39 of 2nd period - Wrist shot by Lars Eller.
4:39 of 2nd period - Shot Blocked by Caleb Jones.
5:37 of 2nd period - Patrick Brown is hit by Adam Gaudette.
5:47 of 2nd period - Jeremie Poirier is hit by Caleb Jones.
6:03 of 2nd period - Snap shot by Lars Eller.
6:03 of 2nd period - Shot Blocked by Nick Cicek.
6:07 of 2nd period - Snap shot by Alex Galchenyuk.
6:07 of 2nd period - Stopped by Dustin Wolf with a rebound.
6:09 of 2nd period - Backhand shot by Samuel Poulin.
6:09 of 2nd period - Shot Misses the Net.
6:32 of 2nd period - Adam Gaudette is hit by William Dufour and loses puck.
6:37 of 2nd period - Snap shot by Valtteri Puustinen.
6:37 of 2nd period - Deflect By Peter Abbandonato.
6:37 of 2nd period - Stopped by Dustin Wolf with a rebound.
6:39 of 2nd period - Wrist shot by Peter Abbandonato.
6:39 of 2nd period - Stopped by Dustin Wolf with a rebound.
6:41 of 2nd period - Snap shot by Jon Merrill.
6:41 of 2nd period - Shot Misses the Net.
6:51 of 2nd period - Nicolas Deslauriers is hit by Jacob Bernard-Docker and loses puck.
7:20 of 2nd period - Tristen Robins is hit by Jeremie Poirier and loses puck.
7:41 of 2nd period - Slapshot by Peter Abbandonato.
7:41 of 2nd period - Stopped by Dustin Wolf without a rebound.
7:42 of 2nd period - Peter Abbandonato wins face-off versus Tristen Robins in Adelaide Pink Elephants zone.
7:56 of 2nd period - Off-side.
7:57 of 2nd period - Lars Eller wins face-off versus Adam Gaudette in neutral zone.
8:08 of 2nd period - Lars Eller is hit by Adam Gaudette and loses puck.
8:23 of 2nd period - Ville Heinola is hit by Robert Bortuzzo and loses puck.
8:34 of 2nd period - Snap shot by AJ Greer.
8:34 of 2nd period - Shot Blocked by Robert Bortuzzo.
8:46 of 2nd period - Trevor Lewis is hit by Tristen Robins and loses puck.
8:55 of 2nd period - Snap shot by Axel Jonsson-Fjallby.
8:55 of 2nd period - Shot Misses the Net.
8:57 of 2nd period - Slapshot by Ville Heinola.
8:57 of 2nd period - Deflect By Josh Archibald.
8:57 of 2nd period - Stopped by Philipp Grubauer with a rebound.
8:59 of 2nd period - Snap shot by Tristen Robins.
8:59 of 2nd period - Shot Misses the Net.
9:21 of 2nd period - Snap shot by Valtteri Puustinen.
9:21 of 2nd period - Shot Misses the Net.
9:45 of 2nd period - Caleb Jones is hit by Drew O'Connor and loses puck.
10:18 of 2nd period - Icing by Vinnie Hinostroza.
10:19 of 2nd period - Tristen Robins wins face-off versus Peter Abbandonato in Reno Silver Aces zone.
10:40 of 2nd period - Icing by William Villeneuve.
10:41 of 2nd period - Lars Eller wins face-off versus Adam Gaudette in Reno Silver Aces zone.
10:49 of 2nd period - Off-side.
10:50 of 2nd period - Ryan Suzuki wins face-off versus Lars Eller in neutral zone.
11:30 of 2nd period - Minor Penalty to AJ Greer for Holding.
11:31 of 2nd period - Adam Gaudette wins face-off versus Peter Abbandonato in Adelaide Pink Elephants zone.
12:02 of 2nd period - Backhand shot by Trevor Lewis.
12:02 of 2nd period - Shot Misses the Net.
12:04 of 2nd period - Snap shot by Vinnie Hinostroza.
12:04 of 2nd period - Shot Blocked by Matthew Phillips.
13:30 of 2nd period - Penalty to AJ Greer is over, AJ Greer is back on ice.
13:36 of 2nd period - Slapshot by Fredrik Olofsson.
13:36 of 2nd period - Deflect By Tristen Robins.
13:36 of 2nd period - Shot Misses the Net.
13:36 of 2nd period - Puck is out of play.
13:37 of 2nd period - Nicolas Deslauriers wins face-off versus Tristen Robins in Reno Silver Aces zone.
13:50 of 2nd period - Snap shot by Patrick Brown.
13:50 of 2nd period - Stopped by Dustin Wolf without a rebound.
13:51 of 2nd period - Matthew Phillips wins face-off versus Trevor Lewis in Adelaide Pink Elephants zone.
13:56 of 2nd period - Slapshot by Ville Heinola.
13:56 of 2nd period - Shot Misses the Net.
14:16 of 2nd period - Patrick Brown is hit by Ville Heinola and loses puck.
14:37 of 2nd period - Snap shot by Axel Jonsson-Fjallby.
14:37 of 2nd period - Shot Misses the Net.
14:39 of 2nd period - Slapshot by Caleb Jones.
14:39 of 2nd period - Shot Misses the Net.
14:41 of 2nd period - Snap shot by Axel Jonsson-Fjallby.
14:41 of 2nd period - Deflect By Jon Merrill.
14:41 of 2nd period - Stopped by Philipp Grubauer without a rebound.
14:42 of 2nd period - Lars Eller wins face-off versus Tristen Robins in Reno Silver Aces zone.
14:51 of 2nd period - Snap shot by Fredrik Olofsson.
14:51 of 2nd period - Shot Misses the Net.
14:53 of 2nd period - Snap shot by Axel Jonsson-Fjallby.
14:53 of 2nd period - Goal by Axel Jonsson-Fjallby - Reno Silver Aces : 0 - Adelaide Pink Elephants : 2.
14:54 of 2nd period - Lars Eller wins face-off versus Ryan Suzuki in neutral zone.
14:57 of 2nd period - Axel Jonsson-Fjallby is hit by Dylan Coghlan and loses puck.
15:19 of 2nd period - Alex Galchenyuk is hit by Adam Gaudette and loses puck.
15:50 of 2nd period - Icing by Samuel Poulin.
15:51 of 2nd period - Lars Eller wins face-off versus Matthew Phillips in Reno Silver Aces zone.
15:57 of 2nd period - Icing by Robert Bortuzzo.
15:58 of 2nd period - Axel Jonsson-Fjallby wins face-off versus Trevor Lewis in Reno Silver Aces zone.
16:03 of 2nd period - Snap shot by Ryan Suzuki.
16:03 of 2nd period - Shot Misses the Net.
16:11 of 2nd period - Slapshot by Jon Merrill.
16:11 of 2nd period - Stopped by Dustin Wolf without a rebound.
16:12 of 2nd period - Patrick Brown wins face-off versus Matthew Phillips in Adelaide Pink Elephants zone.
16:13 of 2nd period - Snap shot by Drew O'Connor.
16:13 of 2nd period - Shot Blocked by Jacob Bernard-Docker.
16:15 of 2nd period - Slapshot by Dylan Coghlan.
16:15 of 2nd period - Stopped by Dustin Wolf without a rebound.
16:16 of 2nd period - Patrick Brown wins face-off versus Matthew Phillips in Adelaide Pink Elephants zone.
16:19 of 2nd period - Slapshot by Patrick Brown.
16:19 of 2nd period - Deflect By Drew O'Connor.
16:19 of 2nd period - Deflect By Ryan Suzuki.
16:19 of 2nd period - Stopped by Dustin Wolf with a rebound.
16:21 of 2nd period - Slapshot by Dylan Coghlan.
16:21 of 2nd period - Deflect By Drew O'Connor.
16:21 of 2nd period - Shot Blocked by Jacob Bernard-Docker.
16:21 of 2nd period - Puck is out of play.
16:22 of 2nd period - Patrick Brown wins face-off versus Matthew Phillips in Adelaide Pink Elephants zone.
16:25 of 2nd period - Wrist shot by Patrick Brown.
16:25 of 2nd period - Stopped by Dustin Wolf with a rebound.
16:27 of 2nd period - Slapshot by Michael Stone.
16:27 of 2nd period - Stopped by Dustin Wolf with a rebound.
16:29 of 2nd period - Snap shot by Nicolas Deslauriers.
16:29 of 2nd period - Goal by Nicolas Deslauriers - Reno Silver Aces : 1 - Adelaide Pink Elephants : 2.
16:30 of 2nd period - Ryan Suzuki wins face-off versus Lars Eller in neutral zone.
16:37 of 2nd period - Snap shot by Cal Clutterbuck.
16:37 of 2nd period - Shot Misses the Net.
16:39 of 2nd period - Wrist shot by Ryan Suzuki.
16:39 of 2nd period - Shot Misses the Net.
16:41 of 2nd period - Wrist shot by Axel Jonsson-Fjallby.
16:41 of 2nd period - Stopped by Philipp Grubauer without a rebound.
16:42 of 2nd period - Trevor Lewis wins face-off versus Cal Clutterbuck in Reno Silver Aces zone.
16:55 of 2nd period - Wrist shot by Ryan Suzuki.
16:55 of 2nd period - Stopped by Philipp Grubauer with a rebound.
17:07 of 2nd period - Denis Gurianov is hit by Jon Merrill and loses puck.
17:12 of 2nd period - Snap shot by Lars Eller.
17:12 of 2nd period - Stopped by Dustin Wolf with a rebound.
17:14 of 2nd period - Slapshot by Samuel Poulin.
17:14 of 2nd period - Shot Misses the Net.
17:16 of 2nd period - Slapshot by Michael Stone.
17:16 of 2nd period - Stopped by Dustin Wolf with a rebound.
17:48 of 2nd period - Backhand shot by Peter Abbandonato.
17:48 of 2nd period - Stopped by Dustin Wolf with a rebound.
19:41 of 2nd period - Alex Vlasic is hit by Lars Eller and loses puck.
Goals for this period are 1 for Reno Silver Aces vs 2 for Adelaide Pink Elephants.
Shots for this period are 20 for Reno Silver Aces vs 10 for Adelaide Pink Elephants.
3rd period
0:01 of 3rd period - Ryan Suzuki wins face-off versus Trevor Lewis in neutral zone.
1:11 of 3rd period - Tristen Robins is hit by Valtteri Puustinen and loses puck.
1:19 of 3rd period - Off-side.
1:20 of 3rd period - Trevor Lewis wins face-off versus Denis Gurianov in neutral zone.
1:24 of 3rd period - Icing by Nick Cicek.
1:25 of 3rd period - Trevor Lewis wins face-off versus Adam Gaudette in Adelaide Pink Elephants zone.
1:52 of 3rd period - Jeremie Poirier is hit by Caleb Jones and loses puck.
2:36 of 3rd period - Snap shot by Cal Clutterbuck.
2:36 of 3rd period - Deflect By Adam Gaudette.
2:36 of 3rd period - Shot Misses the Net.
2:36 of 3rd period - Puck is out of play.
2:37 of 3rd period - William Dufour wins face-off versus Adam Gaudette in Reno Silver Aces zone.
3:06 of 3rd period - Snap shot by Denis Gurianov.
3:06 of 3rd period - Deflect By Cal Clutterbuck.
3:06 of 3rd period - Shot Blocked by Valtteri Puustinen.
3:06 of 3rd period - Puck is out of play.
3:07 of 3rd period - Lars Eller wins face-off versus Matthew Phillips in Reno Silver Aces zone.
3:32 of 3rd period - Wrist shot by Josh Archibald.
3:32 of 3rd period - Shot Misses the Net.
3:40 of 3rd period - Wrist shot by Axel Jonsson-Fjallby.
3:40 of 3rd period - Stopped by Philipp Grubauer with a rebound.
3:42 of 3rd period - Snap shot by Tristen Robins.
3:42 of 3rd period - Stopped by Philipp Grubauer without a rebound.
3:43 of 3rd period - Lars Eller wins face-off versus Adam Gaudette in Reno Silver Aces zone.
3:43 of 3rd period - Lars Eller is hit by Robin Salo.
4:21 of 3rd period - Wrist shot by Ryan Suzuki.
4:21 of 3rd period - Shot Misses the Net.
4:35 of 3rd period - Snap shot by Tristen Robins.
4:35 of 3rd period - Shot Misses the Net.
6:23 of 3rd period - Adam Gaudette is hit by Michael Stone and loses puck.
6:50 of 3rd period - Snap shot by Patrick Brown.
6:50 of 3rd period - Stopped by Dustin Wolf without a rebound.
6:51 of 3rd period - Tristen Robins wins face-off versus Patrick Brown in Adelaide Pink Elephants zone.
6:51 of 3rd period - Tristen Robins is hit by William Villeneuve.
7:15 of 3rd period - Wrist shot by Matthew Phillips.
7:15 of 3rd period - Deflect By Ryan Suzuki.
7:15 of 3rd period - Shot Misses the Net.
7:15 of 3rd period - Puck is out of play.
7:16 of 3rd period - Matthew Phillips wins face-off versus Lars Eller in Reno Silver Aces zone.
7:48 of 3rd period - Snap shot by Matthew Phillips.
7:48 of 3rd period - Goal by Matthew Phillips - Reno Silver Aces : 1 - Adelaide Pink Elephants : 3.
7:49 of 3rd period - Adam Gaudette wins face-off versus Trevor Lewis in neutral zone.
7:52 of 3rd period - Snap shot by Denis Gurianov.
7:52 of 3rd period - Stopped by Philipp Grubauer with a rebound.
7:54 of 3rd period - Slapshot by Ville Heinola.
7:54 of 3rd period - Deflect By Vinnie Hinostroza.
7:54 of 3rd period - Stopped by Philipp Grubauer with a rebound.
7:56 of 3rd period - Snap shot by Cal Clutterbuck.
7:56 of 3rd period - Stopped by Philipp Grubauer without a rebound.
7:57 of 3rd period - Vinnie Hinostroza wins face-off versus Cal Clutterbuck in Reno Silver Aces zone.
8:17 of 3rd period - Wrist shot by Trevor Lewis.
8:17 of 3rd period - Stopped by Dustin Wolf with a rebound.
8:29 of 3rd period - Wrist shot by Denis Gurianov.
8:29 of 3rd period - Stopped by Philipp Grubauer without a rebound.
8:30 of 3rd period - Lars Eller wins face-off versus Matthew Phillips in Reno Silver Aces zone.
9:00 of 3rd period - Snap shot by Patrick Brown.
9:00 of 3rd period - Shot Misses the Net.
9:02 of 3rd period - Snap shot by Nicolas Deslauriers.
9:02 of 3rd period - Shot Blocked by Caleb Jones.
9:04 of 3rd period - Snap shot by Patrick Brown.
9:04 of 3rd period - Shot Misses the Net.
9:06 of 3rd period - Snap shot by Nicolas Deslauriers.
9:06 of 3rd period - Shot Blocked by Caleb Jones.
9:14 of 3rd period - Minor Penalty to Caleb Jones for High sticking.
9:15 of 3rd period - Trevor Lewis wins face-off versus Adam Gaudette in Adelaide Pink Elephants zone.
10:32 of 3rd period - Jeremie Poirier is hit by Matthew Phillips.
11:05 of 3rd period - Ville Heinola is hit by Valtteri Puustinen and loses puck.
11:14 of 3rd period - Penalty to Caleb Jones is over, Caleb Jones is back on ice.
11:23 of 3rd period - Off-side.
11:24 of 3rd period - Patrick Brown wins face-off versus Tristen Robins in neutral zone.
11:34 of 3rd period - Patrick Brown beats up Tristen Robins.
11:34 of 3rd period - Penalty to Tristen Robins for Fighting.
11:34 of 3rd period - Penalty to Patrick Brown for Fighting.
11:35 of 3rd period - Ryan Suzuki wins face-off versus Lars Eller in neutral zone.
11:46 of 3rd period - Snap shot by Ryan Suzuki.
11:46 of 3rd period - Stopped by Philipp Grubauer with a rebound.
12:07 of 3rd period - Snap shot by Vinnie Hinostroza.
12:07 of 3rd period - Stopped by Dustin Wolf without a rebound.
12:08 of 3rd period - Adam Gaudette wins face-off versus Trevor Lewis in Adelaide Pink Elephants zone.
12:10 of 3rd period - Minor Penalty to Adam Gaudette for Hooking.
12:11 of 3rd period - Peter Abbandonato wins face-off versus Cal Clutterbuck in Adelaide Pink Elephants zone.
14:10 of 3rd period - Penalty to Adam Gaudette is over, Adam Gaudette is back on ice.
14:32 of 3rd period - Slapshot by Adam Gaudette.
14:32 of 3rd period - Deflect By Vinnie Hinostroza.
14:32 of 3rd period - Shot Blocked by Alex Galchenyuk.
14:32 of 3rd period - Puck is out of play.
14:33 of 3rd period - Trevor Lewis wins face-off versus Adam Gaudette in Reno Silver Aces zone.
15:36 of 3rd period - Nick Cicek is hit by Drew O'Connor and loses puck.
18:09 of 3rd period - Minor Penalty to Zachary Jones for Hooking.
18:10 of 3rd period - Peter Abbandonato wins face-off versus Cal Clutterbuck in Adelaide Pink Elephants zone.
18:12 of 3rd period - Snap shot by Peter Abbandonato.
18:12 of 3rd period - Shot Misses the Net.
18:26 of 3rd period - Snap shot by William Dufour.
18:26 of 3rd period - Shot Blocked by Jacob Bernard-Docker.
19:28 of 3rd period - Jacob Bernard-Docker is hit by Valtteri Puustinen and loses puck.
Goals for this period are 0 for Reno Silver Aces vs 1 for Adelaide Pink Elephants.
Shots for this period are 3 for Reno Silver Aces vs 8 for Adelaide Pink Elephants.
Back to the Top